 Dungeon Crawl Stone Soup version 0.28-a0-178-ga708605c5b (webtiles) character file.

Game seed: 14257363161629895669

109797 Ezendos the Warrior (level 16, -26/282 HPs)
             Began as an Ogre Brigand on Aug 17, 2021.
             Was a High Priest of Okawaru.
             Annihilated by a naga warrior (45 damage)
             ... on level 1 of the Snake Pit.
             The game lasted 01:53:58 (33719 turns).

Ezendos the Warrior (Ogre Brigand)                 Turns: 33719, Time: 01:53:59

Health: -26/282    AC: 12    Str: 17    XL:     16   Next: 53%
Magic:  24/30      EV: 13    Int: 16    God:    Okawaru [*****.]
Gold:   137        SH:  0    Dex: 16    Spells: 15/35 levels left

rFire   + . .      SeeInvis +   a - +5 lajatang (elec)
rCold   . . .      Faith    .   (shield currently unavailable)
rNeg    . . .      Spirit   .   C - +0 acid dragon scales
rPois   .          Reflect  .   B - +1 hat
rElec   +          Harm     .   c - +0 cloak
rCorr   +          Rampage  .   (gloves unavailable)
Will    ++++.                   (boots unavailable)
Stlth   ..........              D - amulet of regeneration
HPRegen 1.57/turn               Z - ring of Law {Fly rF+ Will+ SInv}
MPRegen 0.22/turn               t - ring of Accord {rElec Will++ Str-3 Dex+6}

@: berserking, heroic, flying, constricted, studying Throwing, very quick
A: large, unfitting armour, tough skin 1
a: Renounce Religion, Heroism, Finesse, Duel


You were on level 1 of the Snake Pit.
You worshipped Okawaru.
Okawaru was extremely pleased with you.
You visited 6 branches of the dungeon, and saw 27 of its levels.
You visited 1 bazaar.
You also visited: Volcano.

You collected 3486 gold pieces.
You spent 3349 gold pieces at shops.

Inventory:

Hand Weapons
 a - a +5 lajatang of electrocution (weapon)
 b - the +10 quarterstaff "Xegyleicva" {spect, Will+ Str+4}
   (Okawaru gifted it to you on level 2 of the Orcish Mines)

   When its wielder attacks, the weapon's spirit leaps out and strikes again.
   The spirit shares a part of any damage it takes with its wielder.
   Str:       It affects your strength (+4).
   Will:      It increases your willpower.
 e - a +0 vampiric lajatang
 f - a +4 scimitar of flaming
Missiles
 o - 29 large rocks
 w - 3 throwing nets
 x - 6 javelins
 O - 31 boomerangs (quivered)
 R - 4 boomerangs of dispersal
 U - 12 silver javelins
Armour
 c - a +0 cloak (worn)
 B - a +1 hat (worn)
 C - +0 acid dragon scales (worn)
 P - a +2 robe of resistance
Jewellery
 j - a ring of willpower
 t - the ring of Accord (right hand) {rElec Will++ Str-3 Dex+6}
   (You bought it in a shop in a bazaar)

   [ring of dexterity]

   Str:       It affects your strength (-3).
   Dex:       It affects your dexterity (+6).
   rElec:     It insulates you from electricity.
   Will:      It greatly increases your willpower.
 v - a +4 ring of protection
 D - an amulet of regeneration (around neck)
 W - a ring of positive energy
 Z - the ring of Law (left hand) {Fly rF+ Will+ SInv}
   (You acquired it on level 9 of the Dungeon)

   [ring of see invisible]

   rF:        It protects you from fire.
   SInv:      It lets you see invisible.
   Fly:       It grants you flight.
   Will:      It increases your willpower.
Wands
 z - a wand of acid (15)
 A - a wand of paralysis (4)
 K - a wand of iceblast (16)
 S - a wand of polymorph (16)
 V - a wand of flame (12)
Scrolls
 d - a scroll of torment
 i - 2 scrolls of silence
 l - a scroll of magic mapping
 m - 4 scrolls of fog
 r - 2 scrolls of identify
 F - 3 scrolls of immolation
 H - a scroll of fear
 I - a scroll of blinking
 M - a scroll of enchant armour
 X - 9 scrolls of teleportation
 Y - 3 scrolls of vulnerability
Potions
 g - a potion of berserk rage
 h - 7 potions of curing
 k - 4 potions of invisibility
 n - 4 potions of brilliance
 q - 4 potions of haste
 s - 4 potions of might
 u - 2 potions of flight
 y - a potion of magic
 E - a potion of mutation
 J - 6 potions of ambrosia
 T - a potion of cancellation
Miscellaneous
 p - a condenser vane
 G - a phial of floods
 Q - a lightning rod (4/4)


   Skills:
 + Level 18.4(23.4) Fighting
 - Level 1.7(6.7) Short Blades
 + Level 2.1(11.6) Polearms
 - Level 10.0(15.1) Staves
 + Level 12.0(17.0) Throwing
 + Level 6.0(11.0) Armour
 - Level 8.0(13.0) Dodging
 - Level 3.0(8.0) Stealth
 - Level 10.0 Spellcasting
 - Level 5.0 Hexes
 - Level 8.0 Translocations
 - Level 5.0 Ice Magic
 - Level 10.0 Invocations
 + Level 6.0 Evocations


You had 15 spell levels left.
You knew the following spells:

 Your Spells              Type           Power      Damage    Failure   Level
a - Portal Projectile     Hex/Tloc       56%        N/A       2%          3
b - Manifold Assault      Tloc           33%        N/A       12%         5
c - Passage of Golubria   Tloc           N/A        N/A       4%          4
d - Lesser Beckoning      Tloc           16%        N/A       1%          3
A - Ozocubu's Armour      Ice            24%        N/A       4%          3
E - Blink                 Tloc           N/A        N/A       1%          2

Your spell library contained the following spells:

 Spells                   Type           Power      Damage    Failure   Level
 Foxfire                  Conj/Fire      32%        2x1d5     12%         1
 Sting                    Tmut/Pois      32%        1d4       12%         1
 Inner Flame              Hex/Fire       16%        N/A       12%         3
 Poisonous Vapours        Pois/Air       16%        N/A       17%         2
 Iskenderun's Mystic Bla  Conj/Tloc      20%        2d6       22%         4
 Conjure Flame            Conj/Fire      8%         6-21      34%         3
 Leda's Liquefaction      Hex/Erth       8%         N/A       38%         4
 Olgreb's Toxic Radiance  Pois           8%         N/A       75%         4
 Sticky Flame             Conj/Fire      8%         2d3       75%         4
 Silence                  Hex/Air        8%         N/A       75%         5
 Blade Hands              Tmut           4%         N/A       97%         5
 Excruciating Wounds      Necr           4%         N/A       97%         5
 Fireball                 Conj/Fire      4%         3d4       97%         5
 Iron Shot                Conj/Erth      4%         9d2       100%        6
 Starburst                Conj/Fire      4%         6d3       100%        6
 Ozocubu's Refrigeration  Ice            12%        4d7       100%        7
 Ignition                 Fire           4%         3d4       100%        8
 Lehudib's Crystal Spear  Conj/Erth      4%         10d3      100%        8
 Call Canine Familiar     Summ           Unusable   N/A       N/A         3
 Animate Armour           Summ/Erth      Unusable   N/A       N/A         4

Dungeon Overview and Level Annotations

Branches:
Dungeon (14/15)            Temple (1/1) D:5            Lair (6/6) D:10
  Swamp (3/4) Lair:2        Snake (1/4) Lair:3        Slime (0/5) Lair:6
    Orc (2/2) D:11            Elf (0/3) Orc:2       Volcano (visited)
 Vaults: D:13-14

Altars:
Ashenzari
Cheibriados
Dithmenos
Elyvilon
Fedhas
Gozag
Hepliaklqana
Kikubaaqudgha
Makhleb
Nemelex Xobeh
Okawaru
Qazlal
Ru
Sif Muna
Trog
Uskayaw
Vehumet
Wu Jian
Xom
Yredelemnul
Zin
The Shining One
Beogh
Jiyva

Shops:
D:4 (   Orc:2 *[?(

Annotations:
Lair:2 exclusion: oklob plant
Lair:5 2 runed translucent doors, sobakacece's ghost, journeyman MiFi
Swamp:3 Mara; Roxanne
Orc:1 2 transporters, Derpface's ghost, journeyman MiFi


Innate Abilities, Weirdness & Mutations

You are too large for most types of armour.
You have tough skin. (AC +1)


Message History

Unknown command.
Unknown command.
Unknown command.
Unknown command.
Unknown command.
You gain the combat prowess of a mighty hero.
You feel sick. The naga warrior spits poison at you.
The splash of poison hits you.
You are more poisoned.
The naga warrior constricts you.
You can now deal lightning-fast blows.
You feel very sick.
The naga warrior hits you with a +0 broad axe!!!
The naga warrior constricts you.
You hear a shout! x2
You barely miss the naga warrior.
You feel sick.
The naga warrior hits you with a +0 broad axe!
* * * LOW HITPOINT WARNING * * *
The naga warrior constricts you.
As you read the scroll of fear, it crumbles to dust.
You assume a fearsome visage.
The naga looks frightened!
The naga warrior looks frightened!
The naga warrior resists with almost no effort.
The naga looks frightened!
You feel very sick.
The naga warrior hits you with a +0 broad axe!!
* * * LOW HITPOINT WARNING * * *
The naga warrior constricts you.
* * * LOW HITPOINT WARNING * * *
You feel better.
The naga warrior hits you with a +0 broad axe.
* * * LOW HITPOINT WARNING * * *
The naga warrior constricts you.
* * * LOW HITPOINT WARNING * * *
A red film seems to cover your vision as you go berserk!
Your finesse ends abruptly.
You feel yourself moving faster!
You feel mighty!
An anaconda comes into view.
The naga warrior hits you with a +0 broad axe!!!
You die...

####### ###N..@.#
........N÷.###$#
#.....^....∩S..#
#........N.........
#............N.....
#..........>.......
............>......
..........#........
....##..........


You could see 2 naga warriors, an anaconda and 2 nagas.

Vanquished Creatures
  A thorn hunter (Swamp:2)
  A fenstrider witch (Swamp:2)
  2 orc warlords
  Azrael (D:13)
  2 eleionomae (Swamp:1)
  16 hydras
  Fannar (D:10)
  2 boulder beetles
  3 catoblepae (Lair:6)
  Erica (Lair:1)
  4 centaur warriors (D:13)
  A two-headed ogre (D:9)
  10 death yaks
  5 alligators
  3 orc high priests (Orc:2)
  Urug (D:11)
  A spriggan druid (Swamp:2)
  3 goliath frogs
  3 bog bodies
  A wizard (Volcano)
  A deep elf pyromancer (D:13)
  8 orc sorcerers
  8 orc knights
  A will-o-the-wisp (Swamp:2)
  6 manticores
  An oklob plant (Swamp:2)
  A black mamba (Lair:2)
  A guardian serpent (Snake:1)
  8 elephants
  A torpor snail (Lair:5)
  9 cane toads
  2 unseen horrors
  8 komodo dragons
  A kobold demonologist (D:11)
  15 rime drakes
  2 queen bees
  4 trolls
  3 meliai (Lair:4)
  9 tyrant leeches
  7 hornets
  28 blink frogs
  A meliai zombie (D:11)
  10 wyverns
  2 shadows
  A water elemental (D:12)
  A wraith (D:11)
  9 spriggans
  2 vampires
  Eustachio (D:6)
  2 fire elementals (D:13)
  12 basilisks
  2 steam dragons
  63 yaks
  6 vampire mosquitoes
  Menkaure (D:5)
  5 wargs
  8 swamp worms
  3 acid dragons
  4 nagas
  11 water moccasins
  Duvessa (D:4)
  3 hell hounds
  2 ice beasts (D:7)
  35 orc warriors
  4 swamp drakes
  A hornet zombie (D:7)
  6 ogres
  2 necrophages
  3 black bears
  12 wolves
  8 centaurs
  2 phantoms
  2 kobold brigands
  A wyvern zombie (D:8)
  3 gnoll sergeants
  12 bullfrogs
  Dowan (D:4)
  3 scorpions (D:5)
  3 water moccasin zombies (D:5)
  A water moccasin skeleton (D:3)
  7 jellies
  48 killer bees
  4 howler monkeys
  6 wights (D:6)
  4 electric eels
  2 lava snakes (D:12)
  2 bullfrog zombies (D:6)
  4 centaur zombies
  Crazy Yiuf (D:4)
  A centaur skeleton (D:7)
  2 bullfrog skeletons
  7 hounds
  14 orc priests
  Ijyb (D:4)
  An iguana (Lair:2)
  20 orc wizards
  16 hell rats
  A hound zombie (D:5)
  2 hound skeletons (D:5)
  12 gnolls
  5 adders
  A shadow imp (D:7)
  5 white imps
  An ufetubus (D:6)
  3 worms
  4 dart slugs
  88 orcs
  8 ball pythons
  8 endoplasms
  4 giant cockroaches
  5 goblins
  13 hobgoblins
  A jackal (D:5)
  2 quokkas
  3 training dummies (D:4)
  4 bats
  5 frilled lizards
  12 kobolds
  11 rats
773 creatures vanquished.

Vanquished Creatures (others)
  4 foxfires (Swamp:2)
  42 fungi
  126 plants
172 creatures vanquished.

Grand Total: 945 creatures vanquished

Notes
Turn   | Place    | Note
-------+----------+-------------------------------------------
     0 | D:1      | Ezendos the Ogre Brigand began the quest for the Orb.
     0 | D:1      | Reached XP level 1. HP: 22/22 MP: 1/1
     0 | D:1      | Noticed a vine stalker
     1 | D:1      | Noticed a djinni
     3 | D:1      | Noticed a ghoul
     6 | D:1      | Noticed an octopode
     8 | D:1      | Noticed an elf
    11 | D:1      | Noticed a spriggan
    11 | D:1      | Noticed a naga
    13 | D:1      | Noticed a draconian
    13 | D:1      | Noticed a demigod
    15 | D:1      | Noticed a troll
    15 | D:1      | Noticed a demonspawn
    17 | D:1      | Noticed a djinni
    17 | D:1      | Noticed a palentonga
    17 | D:1      | Noticed a draconian
    19 | D:1      | Noticed a vampire
    21 | D:1      | Noticed a formicid
   161 | D:1      | Reached skill level 3 in Fighting
   161 | D:1      | Reached skill level 1 in Dodging
   279 | D:1      | Reached XP level 2. HP: 31/31 MP: 2/2
   321 | D:1      | You fall into a shaft and drop 1 floor!
   356 | D:1      | Reached skill level 4 in Fighting
   772 | D:1      | Reached XP level 3. HP: 37/40 MP: 3/3
  1501 | D:2      | Reached skill level 5 in Fighting
  1584 | D:2      | Found a faded altar of an unknown god.
  2071 | D:3      | Reached XP level 4. HP: 49/50 MP: 4/4
  2163 | D:3      | Reached skill level 6 in Fighting
  2354 | D:3      | You fall into a shaft and drop 3 floors!
  2355 | D:6      | Noticed a black bear
  2365 | D:5      | Entered Level 5 of the Dungeon
  2408 | D:5      | Found a glowing golden altar of the Shining One.
  2411 | D:5      | Noticed an ogre
  2534 | D:5      | Noticed Menkaure
  2579 | D:5      | Reached XP level 5. HP: 23/61 MP: 5/5
  2606 | D:5      | Identified a scroll of acquirement
  2606 | D:5      | Acquired a +0 lajatang of electrocution
  2688 | D:5      | Reached skill level 7 in Fighting
  2688 | D:5      | Reached skill level 1 in Staves
  3006 | D:5      | Killed an ogre
  3007 | D:5      | Reached XP level 6. HP: 50/71 MP: 6/6
  3130 | D:5      | Killed Menkaure
  3350 | D:5      | Reached XP level 7. HP: 72/79 MP: 7/7
  3397 | D:5      | Got Esyt's Compendium of Warped Flames
  3425 | D:5      | Learned a level 2 spell: Blink
  3466 | D:5      | Found a staircase to the Ecumenical Temple.
  3472 | Temple   | Entered the Ecumenical Temple
  3646 | Temple   | Became a worshipper of Warmaster Okawaru
  3732 | D:5      | Reached skill level 8 in Fighting
  3811 | D:5      | Reached skill level 1 in Spellcasting
  3826 | D:5      | Reached skill level 1 in Translocations
  3894 | D:5      | Reached * piety under Okawaru
  3895 | D:5      | Reached skill level 1 in Invocations
  4039 | D:5      | Reached XP level 8. HP: 88/88 MP: 11/11
  4672 | D:4      | Noticed Ijyb
  4672 | D:4      | Noticed Duvessa
  4672 | D:4      | Noticed Dowan
  4835 | D:4      | Killed Ijyb
  4902 | D:4      | Killed Duvessa
  4903 | D:4      | Reached skill level 5 in Staves
  4909 | D:4      | Killed Dowan
  5196 | D:4      | Reached ** piety under Okawaru
  5552 | D:4      | Found Miogetae's Firing Range.
  5668 | D:4      | Found a runed translucent door.
  5673 | D:4      | Noticed Crazy Yiuf
  5680 | D:4      | Killed Crazy Yiuf
  5897 | D:5      | Found an ornate altar of the Wu Jian Council.
  6430 | D:6      | Reached XP level 9. HP: 97/97 MP: 15/15
  6436 | D:6      | Reached skill level 9 in Fighting
  6610 | D:6      | Noticed Eustachio
  6637 | D:6      | Killed Eustachio
  7066 | D:6      | Found a shadowy altar of Dithmenos.
  7068 | D:6      | Reached *** piety under Okawaru
  7069 | D:6      | Found a snail-covered altar of Cheibriados.
  7335 | D:6      | Noticed a moth of wrath
  7540 | D:6      | Found a bloodstained altar of Trog.
  7931 | D:7      | Reached skill level 10 in Fighting
  7938 | D:7      | Reached skill level 1 in Armour
  8097 | D:7      | Reached XP level 10. HP: 89/110 MP: 15/17
  8098 | D:7      | Reached **** piety under Okawaru
  8107 | D:7      | Reached skill level 5 in Spellcasting
  8574 | D:7      | Found a radiant altar of Vehumet.
  9274 | D:7      | Reached skill level 5 in Translocations
 10388 | D:9      | Reached skill level 11 in Fighting
 10738 | D:9      | Found a runed translucent door.
 10830 | D:10     | Entered Level 10 of the Dungeon
 11004 | D:10     | Found a staircase to the Lair.
 11028 | D:10     | Received a gift from Okawaru
 11353 | D:10     | Identified the +9 mace of Equilibrium {venom, Fly rElec
                  | rF+}
 11422 | D:10     | Reached ***** piety under Okawaru
 11423 | D:10     | Reached XP level 11. HP: 118/120 MP: 18/18
 12199 | Lair:1   | Entered Level 1 of the Lair of Beasts
 12235 | Lair:1   | Reached skill level 5 in Dodging
 12347 | Lair:1   | Reached skill level 12 in Fighting
 12445 | Lair:1   | Noticed Erica
 12784 | Lair:1   | Received a gift from Okawaru
 12802 | Lair:1   | Reached skill level 5 in Armour
 14264 | Lair:2   | Found a dark tunnel.
 14270 | Volcano  | Entered a volcano
 14278 | Volcano  | Noticed a wizard
 14282 | Volcano  | Killed a wizard
 14282 | Volcano  | Received a gift from Okawaru
 14293 | Volcano  | Noticed a wizard
 14308 | Volcano  | Noticed a wizard
 14415 | Lair:2   | Reached XP level 12. HP: 124/133 MP: 19/19
 14457 | Lair:2   | Reached skill level 10 in Staves
 14565 | Lair:2   | Reached skill level 5 in Invocations
 14648 | Lair:2   | Acquired 471 gold pieces
 14811 | D:4      | Bought a manual of Throwing for 1040 gold pieces
 15101 | Lair:2   | Reached skill level 13 in Fighting
 15290 | Lair:2   | Learned a level 5 spell: Manifold Assault
 15294 | Lair:2   | Learned a level 3 spell: Portal Projectile
 15309 | Lair:2   | Noticed a six-headed hydra
 15487 | Lair:3   | Received a gift from Okawaru
 15525 | Lair:3   | Noticed a four-headed hydra
 15705 | Lair:3   | Reached skill level 1 in Hexes
 15740 | Lair:2   | Received a gift from Okawaru
 16157 | Lair:3   | Noticed a five-headed hydra
 16484 | Lair:4   | Noticed a six-headed hydra
 16524 | Lair:3   | Killed a four-headed hydra
 16525 | Lair:3   | Reached skill level 1 in Evocations
 16739 | Lair:3   | Identified the +6 mace of Gozag's Grace {distort, Drain
                  | +Blink Fly Will++}
 16969 | Lair:3   | Found a staircase to the Snake Pit.
 17534 | Lair:4   | HP: 4/136 [six-headed hydra (12)]
 17667 | Lair:4   | Noticed a death yak
 17672 | Lair:4   | Noticed a death yak
 17678 | Lair:4   | Noticed a death yak
 17681 | Lair:4   | Killed a death yak
 17685 | Lair:4   | Killed a death yak
 17686 | Lair:4   | Reached skill level 5 in Throwing
 17698 | Lair:4   | Killed a death yak
 17699 | Lair:4   | Reached skill level 5 in Evocations
 17704 | Lair:4   | Reached XP level 13. HP: 114/144 MP: 21/21
 17891 | Lair:4   | Learned a level 4 spell: Passage of Golubria
 17904 | Lair:4   | Received a gift from Okawaru
 18047 | Lair:4   | Received a gift from Okawaru
 18051 | Lair:4   | Reached ****** piety under Okawaru
 18642 | Lair:4   | Reached skill level 14 in Fighting
 19469 | D:11     | Noticed Fannar
 19489 | D:10     | Killed Fannar
 19513 | D:11     | You fall into a shaft and drop 2 floors!
 19592 | D:13     | Noticed Azrael
 19605 | D:13     | Killed Azrael
 20774 | D:11     | Noticed Urug
 20790 | D:11     | Received a gift from Okawaru
 20924 | D:11     | Found a staircase to the Orcish Mines.
 20993 | Orc:1    | Entered Level 1 of the Orcish Mines
 20998 | Orc:1    | Noticed an orc warlord
 21023 | D:11     | Reached XP level 14. HP: 118/157 MP: 24/24
 21081 | D:11     | Identified the +0 hat "Yskesch" {Harm rElec Str+10 Dex-2}
                  | (Okawaru gifted it to you on level 11 of the Dungeon)
 21081 | D:11     | Received a gift from Okawaru
 21094 | D:11     | Killed Urug
 21384 | D:11     | Found a hide-covered altar of Uskayaw.
 21473 | D:11     | Learned a level 3 spell: Lesser Beckoning
 21477 | D:11     | Learned a level 3 spell: Ozocubu's Armour
 22343 | D:13     | Reached skill level 1 in Ice Magic
 23467 | Lair:5   | Found a runed translucent gate.
 23468 | Lair:5   | Found a runed translucent gate.
 23469 | Lair:5   | Found a runed translucent gate.
 23469 | Lair:5   | Noticed a quicksilver ooze
 23469 | Lair:5   | You fall into a shaft and drop 1 floor!
 23469 | Lair:6   | Entered Level 6 of the Lair of Beasts
 23498 | Lair:6   | Found a staircase to the Slime Pits.
 23853 | Lair:5   | Noticed sobakacece's ghost (journeyman MiFi)
 23853 | Lair:5   | Noticed a quicksilver ooze
 24070 | Lair:5   | Found a viscous altar of Jiyva.
 24296 | Lair:4   | Reached skill level 10 in Throwing
 24915 | Lair:6   | Received a gift from Okawaru
 25087 | Lair:6   | Identified the +8 triple crossbow of Objectivity {freeze,
                  | rElec rF- rN+++ Int-5} (Okawaru gifted it to you on level 6
                  | of the Lair of Beasts)
 25087 | Lair:6   | Received a gift from Okawaru
 25172 | Lair:6   | Reached skill level 5 in Hexes
 25358 | Lair:6   | Reached skill level 15 in Fighting
 25733 | Lair:6   | Reached XP level 15. HP: 123/167 MP: 27/27
 25809 | Lair:6   | Received a gift from Okawaru
 26251 | Lair:6   | Received a gift from Okawaru
 26769 | Lair:2   | Found a staircase to the Swamp.
 26966 | Lair:1   | Killed Erica
 27385 | D:9      | Received a gift from Okawaru
 27861 | D:9      | Acquired the ring of Law {Fly rF+ Will+ SInv}
 28032 | D:11     | Killed an orc warlord
 28032 | D:11     | Received a gift from Okawaru
 28489 | Orc:2    | Entered Level 2 of the Orcish Mines
 28754 | Orc:1    | Found a transporter.
 28754 | Orc:1    | Noticed Derpface's ghost (journeyman MiFi)
 29070 | Orc:2    | Found a staircase to the Elven Halls.
 29360 | Orc:2    | Reached skill level 5 in Ice Magic
 29869 | Orc:2    | Identified the +10 quarterstaff "Xegyleicva" {spect, Will+
                  | Str+4} (Okawaru gifted it to you on level 2 of the Orcish
                  | Mines)
 29869 | Orc:2    | Received a gift from Okawaru
 29876 | Orc:2    | Reached skill level 16 in Fighting
 29928 | Orc:2    | Found Mus Muan's Armour Shop.
 29928 | Orc:2    | Found Yddeud's General Store.
 29929 | Orc:2    | Found Teajaful's Weapon Emporium.
 29929 | Orc:2    | Found Ossuet's Magic Scroll Emporium.
 30008 | Orc:2    | Bought a scroll of enchant armour for 135 gold pieces
 30008 | Orc:2    | Bought 2 potions of invisibility for 288 gold pieces
 30008 | Orc:2    | Bought a potion of curing for 54 gold pieces
 30048 | Orc:2    | Bought 2 scrolls of teleportation for 84 gold pieces
 30048 | Orc:2    | Bought a scroll of teleportation for 42 gold pieces
 30470 | Orc:1    | Noticed an orc warlord
 30495 | Orc:1    | Killed an orc warlord
 30496 | Orc:1    | Reached skill level 10 in Spellcasting
 30603 | Orc:1    | Found a transporter.
 30945 | Swamp:1  | Entered Level 1 of the Swamp
 31050 | Swamp:1  | Reached skill level 10 in Invocations
 31141 | Swamp:1  | Reached XP level 16. HP: 167/180 MP: 30/30
 31329 | Swamp:1  | Received a gift from Okawaru
 31423 | Swamp:1  | Reached skill level 17 in Fighting
 32413 | Swamp:2  | Reached skill level 18 in Fighting
 32417 | Swamp:2  | Noticed a thorn hunter
 32431 | Swamp:2  | Killed a thorn hunter
 32598 | Swamp:2  | Noticed a fenstrider witch
 32605 | Swamp:2  | Killed a fenstrider witch
 32610 | Swamp:2  | Reached skill level 1 in Polearms
 33186 | Swamp:3  | Noticed Mara
 33186 | Swamp:3  | Identified Roxanne's Papyrus of the Rocks
 33186 | Swamp:3  | Noticed Roxanne
 33421 | Snake:1  | Entered Level 1 of the Snake Pit
 33421 | Snake:1  | Found a flickering gateway to a bazaar.
 33439 | Snake:1  | HP: 8/188 [poisoned by a guardian serpent (bolt of poison)]
 33442 | Bazaar   | Entered a bazaar
 33566 | Bazaar   | Found Xott's Jewellery Emporium.
 33574 | Bazaar   | Found Yqoeve's Magic Scroll Boutique.
 33615 | Bazaar   | Found Rorr's Weapon Shoppe.
 33623 | Bazaar   | Found Wall's General Store.
 33653 | Bazaar   | Bought a scroll of magic mapping for 56 gold pieces
 33653 | Bazaar   | Bought a scroll of teleportation for 48 gold pieces
 33653 | Bazaar   | Bought a potion of curing for 48 gold pieces
 33653 | Bazaar   | Bought a condenser vane for 640 gold pieces
 33679 | Bazaar   | Bought the ring of Accord {rElec Will++ Str-3 Dex+6} for
                  | 820 gold pieces
 33689 | Bazaar   | Bought a scroll of blinking for 67 gold pieces
 33689 | Bazaar   | Bought a scroll of teleportation for 27 gold pieces
 33719 | Snake:1  | Annihilated by a naga warrior

Illustrated notes

Levels and vault maps discovered:
D:1:      shiori_arrival_whats_in_store_for_you, layout_loops_cross,
          hangedman_decor_clover_reticule
D:2:      layout_basic, basic_ecumenical_altar, chequers_mini_garden
D:3:      layout_basic
D:4:      layout_cave_pools, serial_column_ruins,
          column_ruins_corridor_dead_end, column_ruins_open_tiny,
          column_ruins_columns_corner, column_ruins_open_tiny,
          column_ruins_grid_3, nicolae_shop_firing_range, uniq_ijyb,
          uniq_crazy_yiuf_cottage, uniq_duvessa
D:5:      minmay_chambers_of_threes, layout_loops_cross,
          nicolae_tso_swordbearing_angel, lemuel_coloured_pillars_altar,
          minmay_temple_entry_fiery, uniq_menkaure
D:6:      layout_cave_pods, tgw_trog, jmf_multi_god_temple, kennysheep_path_1,
          uniq_eustachio
D:7:      layout_cave_pools, old_standard_altar, minmay_misc_feat_doors,
          kennysheep_generic_room_11
D:8:      minmay_inner_zag, layout_cave_pools
D:9:      layout_small_grid, nrook_mini_vaults, lightli_church_of_beogh
D:10:     layout_loops_corners, erik_lair_orcish_takeover,
          kennysheep_minor_cross
D:11:     layout_rooms, david_orc_2, nicolae_uskayaw_dance_studio, uniq_urug,
          uniq_fannar
D:12:     layout_basic, nicolae_looking_at_the_future
D:13:     layout_basic, grunt_vaults_entry_fortified, uniq_azrael
D:14:     minmay_isolated_rectangles_in_corner, layout_long_grid,
          nicolae_ru_sacrificial_ziggurat, serial_shops, kennysheep_mini_moat,
          uniq_rupert, uniq_kirke
Temple:   eino_temple_rhombus
Lair:1:   layout_cave_pods, beast_lair_carwin_9, grunt_megastairs_4,
          serial_bayou_shore_b, uniq_erica
Lair:2:   layout_gridlike, palyth_hydra_swamp_entry,
          nicolae_volcano_entry_hallway, grunt_forest_large_clearing_hut,
          minmay_lair_oklob_chamber
Lair:3:   layout_long_grid, minmay_snake_entry_guardpost_small
Lair:4:   regret_index_wax_grids, layout_gridlike, serial_bayou_pond_c,
          nicolae_quartered_pool_little, infiniplex_staircase_pool_2
Lair:5:   layout_layer_cave, gammafunk_ghost_ooze
Lair:6:   evilmike_catoblepas_cave, layout_misc_corridors,
          nicolae_slime_entry_slimehenge, special_room
          [special_room_mythical_zoo]
Swamp:1:  layout_basic_swamp, nicolae_swamp_bean_lake, swamp_pool5
Swamp:2:  layout_basic_swamp, serial_swamp_ruin, hangedman_swamp_ruin_hall,
          evilmike_swamp_ruin_house_4, nicolae_swamp_oklob_treasure_island,
          infiniplex_staircase_pool
Swamp:3:  layout_basic_swamp, nicolae_swamp_oxbows, uniq_mara, uniq_nikola,
          uniq_roxanne
Snake:1:  layout_misc_corridors, serial_shops, bzr_entry_dummy, shop,
          uniq_josephine
Orc:1:    cheibrodos_orc_bank, layout_caves, gammafunk_ghost_berserking_beasts
Orc:2:    st_orc_elflike, layout_diamond_mine

Skill      XL: |  1  2  3  4  5  6  7  8  9 10 11 12 13 14 15 16 |
---------------+-------------------------------------------------+-----
Stealth        | 3 |  3.0
Fighting       | 3 4 5 6 7 8 10 11 12 13 14 15 16 18 | 18.4
Dodging        | 1 2 4 6 7 8 |  8.0
Staves         | 2 3 4 5 7 8 9 10 | 10.0
Spellcasting   | 2 4 5 6 8 10 | 10.0
Translocations | 2 3 4 5 7 8 |  8.0
Invocations    | 1 3 4 5 6 7 10 | 10.0
Armour         | 1 3 5 6 |  6.0
Throwing       | 6 9 10 12 | 12.0
Hexes          | 1 3 5 |  5.0
Evocations     | 5 6 |  6.0
Ice Magic      | 3 5 |  5.0
Polearms       | 2 |  2.1
Short Blades   | |  1.7

Action                   |  1- 3 |  4- 6 |  7- 9 | 10-12 | 13-15 | 16-18 || total
-------------------------+-------+-------+-------+-------+-------+-------++-------
Melee: Dagger            |   115 |    49 |       |       |       |       ||   164
       Lajatang          |       |    17 |   278 |   517 |  1153 |    48 ||  2013
       Mace              |       |       |       |    16 |    57 |       ||    73
       Quarterstaff      |       |       |       |     3 |    63 |   124 ||   190
       Scimitar          |       |       |       |       |    39 |       ||    39
       Punch             |       |       |       |       |     4 |       ||     4
Throw: Dart              |     3 |     8 |     9 |    27 |    87 |       ||   134
       Boomerang         |       |       |       |    20 |    49 |    36 ||   105
       Large rock        |       |       |       |     8 |    12 |     5 ||    25
 Cast: Portal Projectile |       |       |       |     7 |     4 |     2 ||    13
       Blink             |       |       |       |       |     4 |       ||     4
       Ozocubu's Armour  |       |       |       |       |     3 |       ||     3
       Manifold Assault  |       |       |       |       |     2 |     5 ||     7
Invok: Heroism           |       |       |     1 |    10 |    28 |     3 ||    42
       Finesse           |       |       |       |     2 |     4 |     1 ||     7
Evoke: Wand              |       |       |       |       |    31 |    11 ||    42
  Use: Scroll            |     1 |     6 |     7 |    11 |    15 |     7 ||    47
       Potion            |       |     2 |       |     3 |     1 |     5 ||    11
 Stab: Sleeping          |     6 |     1 |    10 |     7 |       |       ||    24
       Distracted        |       |       |       |     1 |     2 |     1 ||     4
       Petrified         |       |       |       |       |     1 |       ||     1
Armor: Robe              |    37 |    19 |    95 |   209 |   115 |       ||   475
       Acid dragon scale |       |       |       |       |   479 |    42 ||   521
       Skin              |       |       |       |       |     1 |       ||     1
Dodge: Dodged            |    39 |    35 |   131 |   272 |   757 |    63 ||  1297
       Rpst.: Scimitar   |       |       |       |       |     8 |       ||     8

Table legend: (Time is in decaauts)
 A = Elapsed time spent in this place.
 B = Non-inter-level travel time spent in this place.
 C = Inter-level travel time spent in this place.
 D = Time resting spent in this place.
 E = Time spent auto-exploring this place.
 F = Levels seen in this place.
 G = Mean time per level.
                   A        B        C        D        E       F      G
               +--------+--------+--------+--------+--------+-----+--------+
         Total |  33489 |  30470 |   3019 |   4822 |  16671 |  29 | 1154.8 |
       Dungeon |  17411 |  15991 |   1420 |   2448 |   9400 |  14 | 1243.6 |
        Temple |    186 |    174 |     12 |      0 |    148 |   1 |  186.0 |
          Lair |  10681 |   9382 |   1299 |   1401 |   4896 |   6 | 1780.2 |
         Swamp |   2308 |   2177 |    131 |    424 |   1117 |   3 |  769.3 |
     Snake Pit |     30 |     30 |      0 |      0 |      0 |   1 |   30.0 |
  Orcish Mines |   2566 |   2410 |    156 |    547 |    909 |   2 | 1283.0 |
        Bazaar |    263 |    263 |      0 |      0 |    201 |   1 |  263.0 |
       Volcano |     41 |     41 |      0 |      0 |      0 |   1 |   41.0 |
               +--------+--------+--------+--------+--------+-----+--------+

Top non-repeatable levels by time:
  Lair:4: 2254 daAuts
  Lair:1: 2174 daAuts
     D:5: 2138 daAuts
  Lair:2: 1946 daAuts
     D:6: 1856 daAuts
    D:10: 1720 daAuts
  Lair:3: 1677 daAuts
  Lair:6: 1575 daAuts
   Orc:2: 1568 daAuts
    D:12: 1495 daAuts
     D:9: 1484 daAuts
     D:7: 1395 daAuts
 Swamp:2: 1277 daAuts
     D:4: 1257 daAuts
     D:1: 1152 daAuts
